 Dungeon Crawl Stone Soup version 0.26-a0-651-gb41185065b (webtiles) character file.

Game seed: 9182534338950036794

287061 Flugslaktarn the Severer (level 19, -9/193 HPs)
             Began as a Deep Dwarf Fighter on Oct 6, 2020.
             Was the Champion of Makhleb.
             Killed from afar by a quicksilver dragon (36 damage)
             ... with a bolt of dispelling energy
             ... on level 5 of the Realm of Zot.
             The game lasted 00:16:05 (18172 turns).

Flugslaktarn the Severer (Deep Dwarf Fighter)      Turns: 18172, Time: 00:16:05

Health: -9/193     AC: 32    Str: 23    XL:     19   Next: 42%
Magic:  20/20      EV:  8    Int: 13    God:    Makhleb [******]
Gold:   4274       SH:  0    Dex: 18    Spells: 18/18 levels left

rFire    . . .     SeeInvis .   a - +9 battleaxe of Eternity {freeze, rPois rC++ Str-4 Dex+3}
rCold    + + .     Faith    .   (shield currently unavailable)
rNeg     + + +     Spirit   .   J - +3 plate armour {rPois}
rPois    +         Reflect  .   p - +2 helmet
rElec    +         Harm     .   u - +2 cloak
rCorr    .         Rampage  +   S - +0 pair of fencer's gloves {Riposte Dex+3}
MR       +++..     Rnd*Tele +   y - +2 pair of boots of the Wild Haggis {Rampage rC- rN++ Stlth+}
Stlth    ..........             s - amulet "Hoti" {Acrobat rPois MR+ Int+2 Dex+2}
HPRegen  0.00/turn              f - ring of protection from fire
MPRegen  0.17/turn              P - ring "Ozoc" {Ice *Contam rElec Int+3 Slay+5}

@: held, non-regenerating
A: damage resistance, heal wounds, camouflage 1, clumsy 1, negative energy
resistance 1, sense surroundings 3, teleportitis 1, weak 1, no regeneration
}: 3/15 runes: decaying, abyssal, gossamer
a: Heal Wounds, Minor Destruction, Lesser Servant of Makhleb, Major Destruction,
Greater Servant of Makhleb, Renounce Religion


You were on level 5 of the Realm of Zot.
You worshipped Makhleb.
Makhleb was exalted by your worship.
You visited 6 branches of the dungeon, and saw 37 of its levels.
You visited the Abyss 1 time.
You also visited: Bailey and Gauntlet.

You collected 4418 gold pieces.
You spent 144 gold pieces at shops.

Inventory:

Hand Weapons
 a - the +9 battleaxe of Eternity (weapon) {freeze, rPois rC++ Str-4 Dex+3}
   (You found it on level 9 of the Dungeon)

   It has been specially enchanted to freeze those struck by it, causing extra
   injury to most foes and up to half again as much damage against particularly
   susceptible opponents.
   It can also slow down cold-blooded creatures.
   It affects your strength (-4).
   It affects your dexterity (+3).
   It greatly protects you from cold.
   It protects you from poison.
 b - a +2 mace of distortion
   (You took it off an orc on level 6 of the Dungeon)
Armour
 p - a +2 helmet (worn)
   (You found it on level 4 of the Dungeon)
 u - a +2 cloak (worn)
   (You took it off Crazy Yiuf on level 5 of the Dungeon)
 y - the +2 pair of boots of the Wild Haggis (worn) {Rampage rC- rN++ Stlth+}
   (You acquired it on level 1 of the Lair of Beasts)

   It makes you vulnerable to cold.
   It greatly protects you from negative energy.
   It bestows one free step when moving towards enemies.
   It makes you more stealthy.
 E - a +2 pair of boots
   (You found it on level 8 of the Dungeon)
 J - a +3 plate armour of poison resistance (worn)
   (You took it off an orc warrior on level 6 of the Dungeon)
 S - the +0 pair of fencer's gloves (worn) {Riposte Dex+3}
   (You found it in a Gauntlet)

   It affects your dexterity (+3).
Jewellery
 f - a ring of protection from fire (left hand)
   (You found it on level 2 of the Spider Nest)
 g - an uncursed amulet of reflection {unknown}
   (You found it on level 4 of the Swamp)
 l - a cursed ring of teleportation {unknown}
   (You found it on level 3 of the Depths)
 m - a cursed -4 ring of protection {unknown}
   (You found it on level 1 of the Depths)
 s - the amulet "Hoti" (around neck) {Acrobat rPois MR+ Int+2 Dex+2}
   (You found it on level 5 of the Dungeon)

   [amulet of the acrobat]

   It helps you evade while moving and waiting.
   It affects your intelligence (+2).
   It affects your dexterity (+2).
   It protects you from poison.
   It affects your resistance to hostile enchantments.
 v - a +4 ring of evasion
   (You found it on level 2 of the Lair of Beasts)
 P - the ring "Ozoc" (right hand) {Ice *Contam rElec Int+3 Slay+5}
   (You found it on level 2 of the Lair of Beasts)

   [ring of ice]

   It enhances your ice magic.
   It affects your intelligence (+3).
   It affects your accuracy and damage with ranged weapons and melee attacks
   (+5).
   It makes you vulnerable to fire.
   It protects you from cold.
   It insulates you from electricity.
   It causes magical contamination when unequipped.
Wands
 i - a wand of acid (29)
   (You found it on level 6 of the Dungeon)
 k - a wand of digging (4)
   (You took it off Crazy Yiuf on level 5 of the Dungeon)
 H - a wand of paralysis (38)
   (You found it on level 11 of the Dungeon)
 N - a wand of enslavement (8)
   (You found it on level 5 of the Depths)
Scrolls
 j - 5 scrolls of enchant weapon
 r - 5 scrolls of identify
 t - 7 scrolls of teleportation
 x - 4 scrolls of remove curse
 A - 3 scrolls of vulnerability
 G - 2 scrolls of summoning
 K - 4 scrolls of immolation
 L - a scroll of fear
 M - 3 scrolls of fog
 O - 5 scrolls of enchant armour
Potions
 c - 5 potions of flight
 d - 5 potions of might
 e - a potion of berserk rage
 h - 3 potions of haste
 n - a potion of resistance
 o - 5 potions of lignification
 q - 13 potions of curing
 w - 6 potions of heal wounds
 B - 5 potions of invisibility
 I - 4 potions of ambrosia
 R - 4 potions of magic
Miscellaneous
 C - a tin of tremorstones (3/3)
   (You found it on level 13 of the Dungeon)
 F - a condenser vane (2/2)
   (You found it on level 14 of the Dungeon)


   Skills:
 * Level 17.2 Fighting
 * Level 19.8 Axes
 + Level 14.9 Armour
 + Level 13.4 Dodging
   Level 7.3 Shields
 - Level 15.0 Invocations
 - Level 10.0 Evocations


You had 18 spell levels left.
You didn't know any spells.
Your spell library was empty.

Dungeon Overview and Level Annotations

Branches:
Dungeon (15/15)            Temple (0/1) D:7            Lair (4/6) D:10
  Swamp (4/4) Lair:2       Spider (4/4) Lair:4          Orc (0/2) D:9
 Vaults (0/5) D:14         Depths (5/5) D:15            Zot (5/5) Depths:5
 Bailey (visited)         Gauntlet (visited)

Altars:
Cheibriados
Elyvilon
Gozag
Kikubaaqudgha
Makhleb
Wu Jian
Xom
Zin
The Shining One
Beogh
Lugonu

Shops:
D:14 *   D:15 *(}   Depths:5 !

Portals:
Hell: Depths:3 Depths:4 Depths:5
Abyss: Depths:4
Trove: D:11 (give 17 scrolls of teleportation)

Annotations:
D:12 exclusion: ice statue
D:14 2 transporters, Kerhom's ghost, journeyman MiMo
Lair:2 exclusion: oklob plant
Depths:1 exclusion: orange crystal statue
Depths:5 exclusion: orange crystal statue


Innate Abilities, Weirdness & Mutations

You are resistant to damage.
You can heal yourself by infusing magical energy.
You resist negative energy. (rN+)
You passively map a large area around you.
You do not regenerate.
Your skin changes colour to match your surroundings (Stealth+).
You are clumsy. (Dex -2)
You are occasionally teleported next to monsters.
You are weak. (Str -2)


Message History

The quicksilver dragon claws you but does no damage.
The ancient lich gestures wildly while chanting.
The Orb Guardian hits you!
The ancient lich gestures at you while chanting.
The crystal spear hits you!!!!
* * * LOW HITPOINT WARNING * * *
The golden dragon barely misses you.
You riposte.
You slash the golden dragon! You freeze the golden dragon.
The golden dragon is severely wounded.
You slice the orb of fire!! You freeze the orb of fire.
You hit the ancient lich but do no damage.
You hit the ancient lich. You slash the quicksilver dragon!
You freeze the quicksilver dragon. You closely miss the Orb Guardian.
The golden dragon claws you but does no damage.
The golden dragon tramples you but does no damage.
You feel much better.
The quicksilver dragon breathes dispelling energy at you.
The bolt of dispelling energy hits you!!!
You feel strangely stable.
You die...

**,,,,..,,,,,,,,,,,,,***
**,,....,,,,,,,,,****
**,....##▓▓▓▓▓▓▓▓▓▓**
**,,..X..........^^,,***
**,,,.............##,,,,**
**,,,,..............##*,,,****
*,,,,,......XX.......#**,,,,,,
*,,,,,......*LL..^...# **,,,,,
*,,,,,.......@Dd.....# *,,,,,
*,,,,,^......DX......# **,,,,
*,,,,,.^...........^.# *,,,,
*,,,,^...............# **,,,,
**,,,,..^...........## *,,,,,
**,,,........^....## **,,,,,
**,,............## *,,,,,,
***############# ******* *,


You could see an orb of fire, a golden dragon, 2 ancient liches, a black
draconian, a quicksilver dragon (catching breath) and 4 Orb Guardians.

Vanquished Creatures
  the Lernaean hydra (Swamp:4)
  Bai Suzhen (Spider:3)
  A golden dragon (Zot:3)
  Arachne (Spider:3)
  A lich (Depths:3)
  Jorgrun (D:14)
  A tentacled monstrosity (Zot:4)
  A quicksilver dragon (Zot:3)
  A tentacled starspawn (Abyss:3)
  A death cob (Zot:3)
  4 shadow dragons
  5 storm dragons
  A tengu reaver (Depths:3)
  5 frost giants
  A draconian knight (Depths:5)
  2 fire giants (Depths:3)
  2 iron dragons
  3 ghost moths (Spider:4)
  4 emperor scorpions
  4 draconian shifters
  Louise (D:15)
  3 very ugly things
  12 stone giants
  A draconian annihilator (Zot:3)
  2 draconian stormcallers
  A spriggan defender (Depths:4)
  A war gargoyle (Depths:2)
  An entropy weaver (Spider:2)
  3 green draconians
  A red draconian (Zot:2)
  A white draconian (Zot:4)
  3 yellow draconians
  4 black draconians
  A purple draconian (Zot:4)
  2 spark wasps
  A minotaur (Gauntlet)
  4 ettins
  Snorg (Lair:4)
  7 fire dragons
  3 yaktaur captains
  A deep elf high priest (D:14)
  14 hydras
  5 great orbs of eyes
  A hell beast (Gauntlet)
  3 ice dragons
  An ogre mage (D:15)
  A rakshasa (Depths:3)
  6 spriggan air magi
  3 centaur warriors (D:14)
  A catoblepas (D:14)
  A death knight (D:15)
  A shambling mangrove (Swamp:1)
  A ghost crab (Swamp:4)
  8 two-headed ogres
  2 dancing weapons (D:14)
  6 alligators
  7 deep troll shamans
  A death scarab (Gauntlet)
  2 deep troll earth magi
  A tengu warrior (Depths:1)
  Sonja (D:12)
  6 spriggan berserkers
  A salamander mystic (Depths:4)
  3 spriggans
  2 iron trolls
  A spectral death yak (Gauntlet)
  8 hell knights
  A spark wasp zombie (Depths:3)
  11 deep trolls
  An orange crystal statue (Lair:2)
  10 skeletal warriors (D:14)
  3 unseen horrors (D:13)
  2 wizards
  A glowing orange brain (Abyss:3)
  Pikel (D:4)
  12 swamp dragons
  A phantasmal warrior (Depths:3)
  8 necromancers
  15 wolf spiders
  2 orc sorcerers (D:15)
  11 orb spiders
  2 deep elf magi
  A sphinx skeleton (Depths:1)
  A manticore (D:13)
  A salamander (shapeshifter) (D:14)
  20 ugly things
  2 cyclopes (D:12)
  3 salamanders (Depths:4)
  6 elephants (Lair:4)
  A guardian serpent (shapeshifter) (D:13)
  6 moths of wrath
  3 black mambas (Lair:3)
  A stone giant skeleton (Depths:1)
  A fire giant skeleton (Depths:3)
  A torpor snail (Spider:2)
  A rust devil (Abyss:3)
  A spriggan skeleton (Depths:3)
  4 centaur skeletons
  3 gargoyles
  3 smoke demons (Abyss:3)
  A spriggan zombie (Depths:1)
  14 cane toads
  A kobold demonologist (D:14)
  An efreet (D:14)
  3 komodo dragons
  7 demonic crawlers
  A rime drake (Lair:2)
  8 yaktaurs
  7 trolls
  2 hellwings (Abyss:3)
  15 jumping spiders
  A queen bee (shapeshifter) (D:14)
  3 meliai (D:14)
  5 tyrant leeches
  10 slime creatures
  A tengu simulacrum (Depths:3)
  2 bog bodies
  25 blink frogs
  23 hornets
  10 hippogriffs
  A jumping spider zombie (Spider:1)
  An air elemental (Depths:2)
  3 shadows
  24 yaks
  4 water elementals (Depths:3)
  3 vampires
  Eustachio (D:5)
  A wyvern (D:14)
  49 redbacks
  5 wraiths
  16 tarantellas
  A large abomination (Abyss:3)
  9 vampire mosquitoes
  A neqoxec (Abyss:3)
  Grum (Lair:1)
  5 swamp worms
  14 insubstantial wisps
  2 soldier ants
  3 porcupines (Lair:2)
  A hell hound (Gauntlet)
  A floating eye (Depths:3)
  11 swamp drakes
  17 water moccasins
  A hornet zombie (D:12)
  A meliai simulacrum (D:14)
  4 sky beasts
  5 black bears
  3 ice beasts
  16 orc warriors
  A necrophage (D:5)
  9 ogres
  3 phantoms
  4 wolves (Lair:1)
  An eye of draining (D:11)
  5 boggarts
  8 small abominations
  7 centaurs
  5 crocodiles
  6 big kobolds
  15 bullfrogs
  A wyvern skeleton (D:14)
  14 killer bees
  2 scorpions
  A water moccasin skeleton (D:11)
  19 wights
  3 electric eels
  7 howler monkeys
  2 lava snakes (Lair:2)
  2 bullfrog zombies
  3 centaur zombies
  3 quasits
  12 hounds
  4 jellies
  8 orc priests
  Crazy Yiuf (D:5)
  A gnoll shaman (D:5)
  3 iguanas
  7 orc wizards
  12 worker ants
  A hound zombie (D:6)
  A hound skeleton (D:10)
  4 gnolls (D:5)
  A worker ant zombie (D:11)
  10 adders
  A shadow imp (D:8)
  4 white imps
  2 ufetubi
  An adder skeleton (D:9)
  2 worms
  A dart slug (D:5)
  4 leopard geckos
  75 orcs
  4 giant cockroaches
  A hobgoblin (D:2)
  3 jackals (D:10)
  3 quokkas
  3 ball pythons
  8 bats
  2 goblins (D:2)
  A jackal skeleton (D:8)
  A jackal zombie (D:9)
  30 kobolds
  A leopard gecko skeleton (D:5)
  A rat (D:2)
  4 crawling corpses (Spider:1)
  A starspawn tentacle (Abyss:3)
1005 creatures vanquished.

Vanquished Creatures (collateral kills)
  2 hydras (D:13)
  2 unseen horrors (D:13)
  2 orc knights (Bailey)
  A phantom (D:13)
  An ogre (D:13)
  7 orcs
  A kobold (D:13)
16 creatures vanquished.

Vanquished Creatures (others)
  A ghost moth (Spider:2)
  An orb spider (Spider:2)
  A wight (D:14)
  An ooze (shapeshifter) (Depths:3)
  14 demonic plants (Gauntlet)
  2 fungi
  46 plants
  A starspawn tentacle (Abyss:3)
67 creatures vanquished.

Grand Total: 1088 creatures vanquished

Notes
Turn   | Place    | Note
-------+----------+-------------------------------------------
     0 | D:1      | Flugslaktarn the Deep Dwarf Fighter began the quest for the
                  | Orb.
     0 | D:1      | Reached XP level 1. HP: 20/20 MP: 1/1
   112 | D:2      | Found an ornate altar of the Wu Jian Council.
   200 | D:2      | Found a burning altar of Makhleb.
   204 | D:2      | Reached XP level 2. HP: 18/27 MP: 2/2
   209 | D:2      | Became a worshipper of Makhleb the Destroyer
   524 | D:5      | Entered Level 5 of the Dungeon
   526 | D:5      | Noticed a centaur
   528 | D:5      | Noticed a necrophage
   551 | D:5      | Killed a centaur
   551 | D:5      | Reached skill level 3 in Axes
   551 | D:5      | Reached skill level 1 in Invocations
   551 | D:5      | Reached XP level 3. HP: 34/34 MP: 0/2
   551 | D:5      | Reached XP level 4. HP: 42/42 MP: 0/3
   556 | D:5      | Killed a necrophage
   556 | D:5      | Reached XP level 5. HP: 42/49 MP: 0/4
   669 | D:5      | Reached skill level 4 in Axes
   874 | D:4      | Reached XP level 6. HP: 39/57 MP: 5/5
  1092 | D:4      | Noticed Pikel
  1114 | D:4      | Killed Pikel
  1114 | D:4      | Reached skill level 5 in Fighting
  1114 | D:4      | Reached skill level 5 in Axes
  1114 | D:4      | Reached XP level 7. HP: 43/67 MP: 6/8
  1218 | D:4      | Found a glowing golden altar of the Shining One.
  1285 | D:5      | Reached skill level 5 in Armour
  1308 | D:5      | Reached skill level 5 in Shields
  1308 | D:5      | Reached XP level 8. HP: 48/74 MP: 8/8
  1360 | D:5      | Found a runed translucent door.
  1361 | D:5      | Noticed Crazy Yiuf
  1465 | D:5      | Reached skill level 6 in Axes
  1482 | D:5      | Found a white marble altar of Elyvilon.
  1494 | D:5      | Reached * piety under Makhleb
  1615 | D:5      | Found a snail-covered altar of Cheibriados.
  1722 | D:5      | Got a shimmering zirconium amulet
  1856 | D:5      | Noticed Eustachio
  1903 | D:5      | Killed Eustachio
  2218 | D:5      | Killed Crazy Yiuf
  2296 | D:5      | Got a fine hand axe
  2297 | D:5      | Identified the cursed +0 hand axe "Joumnyfe" {vorpal, Str+9
                  | Int-3} (You found it on level 5 of the Dungeon)
  2416 | D:6      | Reached skill level 5 in Invocations
  2447 | D:6      | Reached skill level 7 in Axes
  2475 | D:6      | Identified the amulet "Hoti" {Acrobat rPois MR+ Int+2
                  | Dex+2} (You found it on level 5 of the Dungeon)
  2633 | D:6      | Reached ** piety under Makhleb
  2732 | D:6      | Gained mutation: You passively map the area around you.
                  | [Deep Dwarf growth]
  2732 | D:6      | Reached XP level 9. HP: 52/84 MP: 6/8
  3012 | D:7      | Found a shimmering altar of Xom.
  3152 | D:7      | Found an ancient bone altar of Kikubaaqudgha.
  3162 | D:7      | Found a staircase to the Ecumenical Temple.
  3175 | D:7      | Reached skill level 8 in Axes
  3910 | D:8      | You fall into a shaft and drop 1 floor!
  3923 | D:9      | Reached *** piety under Makhleb
  4100 | D:9      | Found a corrupted altar of Lugonu.
  4100 | D:9      | Found a transporter.
  4101 | D:9      | Noticed a white ugly thing
  4101 | D:9      | Noticed a white ugly thing
  4101 | D:9      | Noticed a white ugly thing
  4344 | D:9      | Reached XP level 10. HP: 60/96 MP: 9/9
  4409 | D:9      | Reached skill level 9 in Axes
  4475 | D:9      | Found a staircase to the Orcish Mines.
  4508 | D:9      | Found a roughly hewn altar of Beogh.
  4606 | D:9      | Found an opulent altar of Gozag.
  4815 | D:9      | Reached **** piety under Makhleb
  4894 | D:9      | Found a transporter.
  4897 | D:9      | Noticed a brown ugly thing
  5840 | D:9      | Killed a red ugly thing
  5840 | D:9      | Reached skill level 1 in Dodging
  5844 | D:9      | Killed a green ugly thing
  5848 | D:9      | Killed a green ugly thing
  5848 | D:9      | Reached skill level 10 in Axes
  5850 | D:9      | Killed a white ugly thing
  5863 | D:9      | Got a pitted battleaxe
  5869 | D:9      | Identified the +9 battleaxe of Eternity {freeze, rPois rC++
                  | Str-4 Dex+3} (You found it on level 9 of the Dungeon)
  5938 | D:10     | Entered Level 10 of the Dungeon
  6115 | D:10     | Reached XP level 11. HP: 90/104 MP: 11/11
  6174 | D:10     | Found a staircase to the Lair.
  6552 | D:11     | Noticed a brown ugly thing
  6558 | D:11     | Killed a brown ugly thing
  6589 | D:11     | Noticed a purple ugly thing
  6595 | D:11     | Killed a purple ugly thing
  6861 | D:11     | Reached ***** piety under Makhleb
  7024 | D:11     | Found a portal to a secret trove of treasure.
  7025 | D:11     | Found a flagged portal.
  7032 | D:11     | Reached skill level 11 in Axes
  7038 | Bailey   | Entered a bailey
  7178 | Bailey   | Noticed an orc knight
  7183 | Bailey   | Noticed an orc knight
  7187 | Bailey   | Killed an orc knight
  7211 | Bailey   | Killed an orc knight
  7301 | D:11     | Noticed a brown ugly thing
  7312 | D:11     | Killed a brown ugly thing
  7334 | D:11     | Noticed a two-headed ogre
  7345 | D:11     | Killed a two-headed ogre
  7345 | D:11     | Reached skill level 10 in Fighting
  7415 | D:11     | Reached XP level 12. HP: 93/116 MP: 13/13
  7419 | D:11     | Identified 2 scrolls of acquirement
  7419 | D:11     | Acquired 443 gold pieces
  7583 | D:12     | Noticed a two-headed ogre
  7592 | D:12     | Killed a two-headed ogre
  7641 | D:12     | Reached skill level 5 in Dodging
  7720 | D:12     | Noticed Sonja
  7726 | D:12     | Killed Sonja
  7726 | D:12     | Reached skill level 12 in Axes
  7726 | D:12     | Reached skill level 10 in Invocations
  7829 | D:12     | Found Noshoumo's Distillery.
  7876 | D:12     | Reached skill level 1 in Evocations
  8251 | D:13     | Noticed a six-headed hydra
  8265 | D:13     | Killed a ten-headed hydra
  8391 | D:13     | Reached ****** piety under Makhleb
  8402 | D:13     | Noticed a seven-headed hydra
  8408 | D:13     | Killed a nine-headed hydra
  8569 | D:13     | Noticed a two-headed ogre
  8578 | D:13     | Killed a two-headed ogre
  8853 | D:13     | Reached XP level 13. HP: 103/127 MP: 13/15
  8993 | D:14     | Reached skill level 13 in Axes
  9042 | D:14     | Noticed a stone giant
  9043 | D:14     | Noticed an ettin
  9044 | D:14     | Reached skill level 10 in Armour
  9064 | D:14     | Killed a stone giant
  9067 | D:14     | Noticed a stone giant
  9079 | D:14     | Killed an ettin
  9079 | D:14     | Reached skill level 5 in Evocations
  9088 | D:14     | Killed a stone giant
  9120 | D:14     | Found the +8 glaive of the Guard {elec, +Rage AC+5 SInv}
  9294 | D:14     | Noticed Jorgrun
  9311 | D:14     | Killed Jorgrun
  9315 | D:14     | Reached skill level 14 in Axes
  9319 | D:14     | Gained mutation: You resist negative energy. (rN+) [Deep
                  | Dwarf growth]
  9319 | D:14     | Reached XP level 14. HP: 138/138 MP: 16/16
  9333 | D:14     | Noticed Kerhom's ghost (journeyman MiMo)
  9333 | D:14     | Identified the +2 great mace of Starshine {vamp, *Rage
                  | rC+++ Str+6 Dex-5}
  9333 | D:14     | Identified the +8 great mace "Ocinti" {flame, MP-9 Str-3
                  | SInv Stlth+}
  9392 | D:14     | Found a transporter.
  9426 | D:14     | Found a gate to the Vaults.
  9504 | D:14     | Found a transporter.
  9592 | D:14     | Found Sipnon's General Store.
  9705 | D:15     | Entered Level 15 of the Dungeon
  9830 | D:15     | Found Xiurghunu's General Store.
  9906 | D:15     | Found Plog's Gadget Shoppe.
 10028 | D:15     | Found Seudubb's Antique Weapon Boutique.
 10030 | D:15     | Noticed Louise
 10031 | D:15     | Found a white marble altar of Elyvilon.
 10048 | D:15     | Killed Louise
 10256 | D:15     | Found a staircase to the Depths.
 10529 | Lair:1   | Entered Level 1 of the Lair of Beasts
 10530 | Lair:1   | Acquired 944 gold pieces
 10531 | Lair:1   | Acquired the +2 pair of boots of the Wild Haggis {Rampage
                  | rC- rN++ Stlth+}
 10703 | Lair:1   | Noticed Grum
 10710 | Lair:1   | Killed Grum
 10893 | Lair:2   | Got a glittering bronze ring
 10925 | Lair:2   | Found a gate leading to a gauntlet.
 10948 | Gauntlet | Entered a Gauntlet
 10948 | Gauntlet | Found a transporter.
 10957 | Gauntlet | Found a transporter.
 10972 | Gauntlet | Found a transporter.
 10977 | Gauntlet | Found a transporter.
 10997 | Gauntlet | Found the +0 pair of fencer's gloves {Riposte Dex+3}
 10998 | Gauntlet | Found a transporter.
 11011 | Gauntlet | Found a transporter.
 11023 | Gauntlet | Found a transporter.
 11035 | Gauntlet | Found a transporter.
 11041 | Gauntlet | Found a transporter.
 11041 | Gauntlet | Found a transporter.
 11056 | Gauntlet | Found a transporter.
 11068 | Gauntlet | Found a transporter.
 11085 | Gauntlet | Found a transporter.
 11085 | Gauntlet | Found a transporter.
 11107 | Gauntlet | Found a transporter.
 11143 | Gauntlet | Found a transporter.
 11222 | Gauntlet | Found a transporter.
 11250 | Gauntlet | Found a transporter.
 11612 | Lair:2   | Found a staircase to the Swamp.
 11682 | Lair:2   | Identified the ring "Ozoc" {Ice *Contam rElec Int+3 Slay+5}
                  | (You found it on level 2 of the Lair of Beasts)
 12312 | Lair:3   | Reached skill level 15 in Axes
 12598 | Lair:3   | Reached XP level 15. HP: 147/147 MP: 17/17
 12818 | Lair:3   | Found the +8 whip "Snakebite" {curare, rPois}
 13155 | Lair:4   | Noticed Snorg
 13162 | Lair:4   | Killed Snorg
 13168 | Lair:4   | Found a hole to the Spider Nest.
 13209 | Spider:1 | Entered Level 1 of the Spider Nest
 13357 | Spider:2 | Killed a ghost moth
 13395 | Spider:2 | Acquired 754 gold pieces
 13747 | Spider:3 | Noticed Arachne
 13765 | Spider:3 | Killed Arachne
 13818 | Spider:3 | Noticed Bai Suzhen
 13831 | Spider:3 | Killed Bai Suzhen
 13838 | Spider:3 | Reached skill level 16 in Axes
 14032 | Spider:4 | Entered Level 4 of the Spider Nest
 14078 | Spider:4 | Reached skill level 10 in Evocations
 14084 | Spider:4 | Reached XP level 16. HP: 132/158 MP: 19/19
 14268 | Spider:4 | Reached skill level 10 in Dodging
 14456 | Spider:4 | Got a gossamer rune of Zot
 14704 | Swamp:1  | Entered Level 1 of the Swamp
 14986 | Swamp:3  | Found a glowing silver altar of Zin.
 15183 | Swamp:4  | Entered Level 4 of the Swamp
 15374 | Swamp:4  | Reached skill level 17 in Axes
 15700 | Swamp:4  | Reached XP level 17. HP: 144/168 MP: 20/20
 15712 | Swamp:4  | Noticed the 27-headed Lernaean hydra
 15722 | Swamp:4  | Killed the 27-headed Lernaean hydra
 15804 | Swamp:4  | Reached skill level 15 in Fighting
 15809 | Swamp:4  | Got a decaying rune of Zot
 16159 | D:15     | Gained mutation: You are clumsy. (Dex -2) [mutagenic glow]
 16200 | D:15     | Gained mutation: You are resistant to hostile enchantments.
                  | (MR+) [mutagenic glow]
 16276 | D:15     | Gained mutation: You are occasionally teleported next to
                  | monsters. [mutagenic glow]
 16293 | D:15     | Gained mutation: You are very clumsy. (Dex -4) [mutagenic
                  | glow]
 16310 | D:15     | Gained mutation: You are weak. (Str -2) [mutagenic glow]
 16371 | D:15     | Cast into level 3 of the Abyss (unwielding a weapon of
                  | distortion)
 16377 | Abyss:3  | Got an abyssal rune of Zot
 16383 | Abyss:3  | Paralysed by accursed screaming for 1 turns
 16388 | Abyss:3  | Paralysed by accursed screaming for 2 turns
 16392 | Abyss:3  | Found a corrupted altar of Lugonu.
 16621 | D:15     | Escaped the Abyss
 16629 | Depths:1 | Entered Level 1 of the Depths
 16814 | Depths:1 | Reached skill level 15 in Invocations
 16911 | Depths:3 | Found a gateway to Hell.
 16940 | Depths:3 | Noticed a lich
 16953 | Depths:3 | Killed a lich
 16959 | Depths:3 | Reached skill level 18 in Axes
 17116 | Depths:3 | Gained mutation: You passively map a large area around you.
                  | [Deep Dwarf growth]
 17116 | Depths:3 | Reached XP level 18. HP: 104/181 MP: 21/21
 17421 | Depths:4 | Found a one-way gate to the infinite horrors of the Abyss.
 17459 | Depths:4 | Noticed a lich
 17570 | Depths:5 | Entered Level 5 of the Depths
 17577 | Depths:5 | Reached skill level 19 in Axes
 17815 | Depths:5 | Found Qaddolor's Distillery.
 17824 | Depths:5 | Bought a potion of mutation for 144 gold pieces
 17824 | Depths:5 | Lost mutation: You are resistant to hostile enchantments.
                  | (MR+) [potion of mutation]
 17824 | Depths:5 | Lost mutation: You are very clumsy. (Dex -4) [potion of
                  | mutation]
 17824 | Depths:5 | Gained mutation: Your skin changes colour to match your
                  | surroundings (Stealth+). [potion of mutation]
 17824 | Depths:5 | Gained mutation: You possess an exceptional clarity of
                  | mind. [potion of mutation]
 17870 | Depths:5 | Found a gate to the Realm of Zot.
 17887 | Zot:1    | Entered Level 1 of the Realm of Zot
 17960 | Zot:3    | Reached XP level 19. HP: 190/190 MP: 22/22
 17984 | Zot:3    | Noticed a golden dragon
 17992 | Zot:3    | Killed a golden dragon
 18116 | Zot:5    | Entered Level 5 of the Realm of Zot
 18155 | Zot:5    | Noticed an ancient lich
 18155 | Zot:5    | Noticed a golden dragon
 18156 | Zot:5    | Noticed an ancient lich
 18161 | Zot:5    | Noticed an orb of fire
 18170 | Zot:5    | Lost mutation: You possess an exceptional clarity of mind.
                  | [an orb of fire]
 18171 | Zot:5    | HP: 7/193 [ancient lich/crystal spear (77)]
 18172 | Zot:5    | Killed from afar by a quicksilver dragon

Illustrated notes

Levels and vault maps discovered:
D:1:      dpeg_arrival_fog, layout_basic
D:2:      layout_loops_ring, lemuel_round_altar, lemuel_coloured_pillars_altar
D:3:      layout_basic
D:4:      layout_basic, tso_oasis_becter, uniq_pikel
D:5:      layout_loops_corners, elyvilon_altar_5, marbit_many_paths,
          uniq_crazy_yiuf_cottage, uniq_eustachio
D:6:      nicolae_whirlpool, layout_rooms
D:7:      layout_basic, kiku_gazebo_garden_becter,
          nicolae_overflow_crystal_walls, minmay_temple_entry_drinking_statues
D:8:      layout_basic
D:9:      gammafunk_corrupted_shrine, layout_basic, grunt_gozag_breadcrumbs,
          minmay_orc_entry_temple_small, small_chamber_with_monster
D:10:     layout_irregular_city, lair_entry_dummy
D:11:     layout_roguey, enter_bailey_2, nicolae_trove_entry_free_sample,
          minmay_increasing_density
D:12:     layout_rooms, serial_shops, shop_fountains, hangedman_decor_growths,
          minivault_16, kennysheep_generic_room_11, uniq_sonja
D:13:     layout_stronghold, hangedman_batty
D:14:     minmay_guarded_unrand_guard, layout_cave_pools, erik_vaults_1,
          minmay_misc_feat_chi, serial_shops, nicolae_shop_behind_doors,
          gammafunk_ghost_smash, uniq_jorgrun
D:15:     grunt_enter_depths_magical_seal, layout_basic, serial_shops, shop,
          nicolae_shop_competitors_out_of_business, nicolae_shop_behind_doors,
          basic_altar, grunt_ministairs_9, uniq_louise
Lair:1:   layout_small_grid, grunt_megastairs_5, lemuel_fruit_fields, uniq_grum
Lair:2:   layout_cave_pods, minmay_swamp_entry_eels, gauntlet_entry_generic,
          minmay_lair_oklob_items, disabler_island, lemuel_fruit_tree
Lair:3:   minmay_guarded_unrand_snakebite, layout_cave_pods, beast_lair_carwin_6
Lair:4:   cheibrodos_lair_overgrown_chateau, layout_regular_city,
          dummy_spider_entry, serial_bayou_shore_b, uniq_snorg, uniq_nergalle
Swamp:1:  layout_basic_swamp, serial_swamp_ruin, evilmike_swamp_ruin_house_1,
          evilmike_swamp_ruin_house_2, swamp_pool4
Swamp:2:  layout_basic_swamp, hangedman_swamp_lotus
Swamp:3:  layout_basic_swamp, portal_ice_cave_entry_pillars_1,
          lemuel_altar_in_water
Swamp:4:  swamp_old_school, layout_basic_swamp, swamp_pool5,
          infiniplex_staircase_pool_2
Spider:1: hangedman_creepy_crawlies
Spider:2: layout_spider_delve
Spider:3: layout_spider_delve, uniq_bai_suzhen, uniq_arachne
Spider:4: spider_rune_water
Depths:1: layout_honeycomb, minmay_curled_crystal, hell_entry, minivault_22,
          drop_trap, minivault_16, dk_noncrumbling_4, kennysheep_generic_room_9
Depths:2: radiant_caverns_b_rkd, hell_entry, uniq_mara, uniq_sojobo
Depths:3: minmay_the_grid_octo_tiled_octocenter
          [minmay_the_grid_octo_tetromino_candy, minmay_the_grid_octo_teeth,
          minmay_the_grid_octo_clover, minmay_the_grid_octo_checkered,
          minmay_the_grid_octo_prize_big_c,
          minmay_the_grid_square_5x5_eight_small, minmay_the_grid_square_5x5_c,
          minmay_the_grid_square_5x5_lines,
          minmay_the_grid_square_5x5_half_checkered], layout_long_grid,
          hangedman_coc_ice_floe, grunt_pan_entry_sceptre,
          minmay_room_of_horrors, grunt_decor_fettered, serial_shops,
          kennysheep_little_box, chequers_big_river, corner_web_ring
Depths:4: cheibrodos_cascadia, layout_cave_pools, hell_entry, abyss_entry,
          solitary_fountain
Depths:5: evilmike_zot_entry_basic, layout_honeycomb,
          grunt_pan_entry_in_and_out, minmay_misc_feat_hallway, hell_entry,
          serial_shops, shop, nicolae_shop_competitors_out_of_business,
          nicolae_shop_statue_plus, shop, minivault_16
Zot:1:    layout_onion, st_stairs_14
Zot:2:    layout_concentric_octagons, amethyst_zot_foddershock
Zot:3:    layout_misc_corridors, hangedman_zot_decor_checkerboard,
          grunt_megastairs_3
Zot:4:    infiniplex_zot_generator, layout_twisted_circle
Zot:5:    layout_misc_corridors

Skill      XL: |  1  2  3  4  5  6  7  8  9 10 11 12 13 14 15 16 17 18 19 |
---------------+----------------------------------------------------------+-----
Fighting       | 3 4 5 6 7 8 10 11 12 13 14 15 16 17 | 17.2
Axes           | 3 4 5 7 8 10 11 12 14 15 16 17 18 19 | 19.8
Invocations    | 1 2 4 5 6 8 9 10 11 12 13 14 15 | 15.0
Shields        | 4 5 6 7 |  7.3
Armour         | 4 5 6 7 8 9 10 11 12 13 14 | 14.9
Dodging        | 2 4 6 7 8 9 11 12 13 | 13.4
Evocations     | 3 6 8 10 | 10.0

Action                   |  1- 3 |  4- 6 |  7- 9 | 10-12 | 13-15 | 16-18 | 19-21 || total
-------------------------+-------+-------+-------+-------+-------+-------+-------++-------
Melee: War axe           |    66 |    81 |   158 |   115 |       |       |       ||   420
       Hand axe          |       |       |   363 |    48 |       |       |       ||   411
       Battleaxe         |       |       |       |   383 |   663 |   905 |   111 ||  2062
Invok: Lesser Servant of |       |       |       |     4 |     3 |       |       ||     7
 Abil: Heal Wounds       |     3 |     2 |    16 |     5 |    10 |    12 |     7 ||    55
Evoke: Wand              |       |       |       |     2 |       |       |       ||     2
       Tin of tremorston |       |       |       |       |     1 |     1 |       ||     2
       Condenser vane    |       |       |       |       |       |     3 |       ||     3
  Use: Scroll            |       |       |     6 |    11 |    17 |     5 |     6 ||    45
       Potion            |       |       |     2 |     1 |     2 |     5 |     1 ||    11
 Stab: Distracted        |       |       |       |     4 |       |       |       ||     4
       Paralysed         |       |       |       |     1 |       |       |       ||     1
Armor: Scale mail        |    28 |    44 |    20 |       |       |       |       ||    92
       Chain mail        |       |       |   114 |       |       |       |       ||   114
       Plate armour      |       |       |   174 |   576 |   627 |   724 |   144 ||  2245
Dodge: Dodged            |    29 |    28 |   176 |   416 |   607 |   790 |   134 ||  2180
Block: Kite shield       |    34 |    41 |   371 |   106 |       |       |       ||   552
       Rpst.: Battleaxe  |       |       |       |       |    60 |   126 |    19 ||   205

Table legend: (Time is in decaauts)
 A = Elapsed time spent in this place.
 B = Non-inter-level travel time spent in this place.
 C = Inter-level travel time spent in this place.
 D = Time resting spent in this place.
 E = Time spent auto-exploring this place.
 F = Levels seen in this place.
 G = Mean time per level.
                   A        B        C        D        E       F      G
               +--------+--------+--------+--------+--------+-----+--------+
         Total |  18243 |  16640 |   1603 |    222 |  11212 |  40 |  456.1 |
       Dungeon |  10820 |  10035 |    785 |    212 |   7109 |  15 |  721.3 |
          Lair |   2270 |   2086 |    184 |      0 |   1690 |   4 |  567.5 |
         Swamp |   1380 |   1174 |    206 |      0 |    751 |   4 |  345.0 |
   Spider Nest |   1437 |   1096 |    341 |      0 |    582 |   4 |  359.2 |
        Depths |   1141 |   1109 |     32 |      0 |    508 |   5 |  228.2 |
           Zot |    247 |    194 |     53 |     10 |      2 |   5 |   49.4 |
         Abyss |    222 |    222 |      0 |      0 |    149 |   1 |  222.0 |
        Bailey |    233 |    233 |      0 |      0 |     96 |   1 |  233.0 |
      Gauntlet |    488 |    488 |      0 |      0 |    323 |   1 |  488.0 |
               +--------+--------+--------+--------+--------+-----+--------+

Top non-repeatable levels by time:
     D:5: 1419 daAuts
     D:9: 1199 daAuts
    D:15: 980 daAuts
    D:13: 977 daAuts
  Lair:3: 969 daAuts
     D:7: 929 daAuts
  Lair:2: 906 daAuts
     D:8: 862 daAuts
    D:11: 849 daAuts
     D:4: 771 daAuts
    D:14: 758 daAuts
 Swamp:4: 739 daAuts
    D:10: 684 daAuts
     D:6: 550 daAuts
    D:12: 520 daAuts
